 Dungeon Crawl Stone Soup version 0.30.1-9-gdf580d7c3d (webtiles) character file.

Game seed: 10003068722420817479

5591982 Amplified the Bringer of Light (level 27, 273/273 HPs)
             Began as a Hill Orc Hedge Wizard on Sept 30, 2023.
             Was the Champion of the Shining One.
             Escaped with the Orb
             ... and 8 runes!
             The game lasted 02:38:32 (89075 turns).

Amplified the Bringer of Light (HOHW)              Turns: 89075, Time: 02:38:33

Health: 273/273    AC: 38    Str: 29      XL:     27
Magic:  43/43      EV: 12    Int: 15 (16) God:    the Shining One [******]
Gold:   6234       SH: 22    Dex:  8      Spells: 51/58 levels left

rFire   + + +        N - +9 sacred scourge (holy)
rCold   + + +        u - +5 kite shield {rPois}
rNeg    + + +        d - +5 gold dragon scales
rPois   +            n - +0 mask of the Dragon {Will+ Slay+3 SInv}
rElec   +            f - scarf {repulsion}
rCorr   +            M - +2 pair of gloves of the Arcane {rElec}
SInv    +            V - +0 pair of boots of Ityqafal {rC+ Str+5}
Will    +++..        E - amulet of Toebogo {Reflect rC+ Int-4 Dex+2 SH+5} Stlth
                     D - ring "Canaemipp" {rF+ rCorr Dex-3 Slay+2}
HPRegen 0.65/turn    y - ring of Giutil {Fly rPois rF+ rC+ Dex+2}
MPRegen 0.28/turn

%: repel missiles, reflection
@: flying, glowing, studying 2 skills
A: antennae 1, talons 1, clever 1, clumsy 1, deterioration 1
0: Orb of Zot
}: 8/15 runes: barnacled, slimy, silver, abyssal, demonic, magical, dark,
gossamer
a: Renounce Religion, Divine Shield, Cleansing Flame, Summon Divine Warrior


You escaped.
You worshipped the Shining One.
The Shining One was exalted by your worship.
You visited 12 branches of the dungeon, and saw 56 of its levels.
You visited Pandemonium 1 time, and saw 7 of its levels.
You visited the Abyss 5 times.
You visited 1 ziggurat, and saw 5 of its levels.
You also visited: Ice Cave.

You collected 10855 gold pieces.
You spent 4621 gold pieces at shops.

Inventory:

Hand Weapons
 a - the +1 morningstar "Viasoyn" {flame, Drain Str+3 Int+3}
   (You found it on level 4 of the Lair of Beasts)

   Str:       It affects your strength (+3).
   Int:       It affects your intelligence (+3).
   Drain:     It drains your maximum health when unequipped.
 N - a +9 sacred scourge of holy wrath (weapon)
Missiles
 Q - a throwing net (quivered)
Armour
 d - +5 gold dragon scales (worn)
 f - a scarf of repulsion (worn)
 n - the +0 mask of the Dragon (worn) {Will+ Slay+3 SInv}
   (You found it on level 5 of the Vaults)

   Slay:      It affects your accuracy & damage with ranged weapons and melee
   (+3).
   SInv:      It lets you see invisible.
   Will:      It increases your willpower.
 u - a +5 kite shield of poison resistance (worn)
 M - the +2 pair of gloves of the Arcane (worn) {rElec}
   (You found it on level 3 of the Depths)

   rElec:     It insulates you from electricity.
 S - the +9 plate armour "Ifoilatu" {Regen+ Str+6 Dex-4 Stlth+}
   (You found it on level 4 of the Shoals)

   Str:       It affects your strength (+6).
   Dex:       It affects your dexterity (-4).
   Regen:     It increases your rate of health regeneration.
   Stlth:     It makes you more stealthy.
 V - the +0 pair of boots of Ityqafal (worn) {rC+ Str+5}
   (You acquired it on level 1 of the Elven Halls)

   Str:       It affects your strength (+5).
   rC:        It protects you from cold.
Jewellery
 p - the ring of Ilybics {rPois Slay+3 SInv}
   (You took it off a skeletal warrior on level 1 of the Crypt)

   [ring of poison resistance]

   Slay:      It affects your accuracy & damage with ranged weapons and melee
   (+3).
   rPois:     It protects you from poison.
   SInv:      It lets you see invisible.
 y - the ring of Giutil (right hand) {Fly rPois rF+ rC+ Dex+2}
   (You found it in Pandemonium)

   [ring of flight]

   Dex:       It affects your dexterity (+2).
   rF:        It protects you from fire.
   rC:        It protects you from cold.
   rPois:     It protects you from poison.
   Fly:       It grants you flight.
 B - the ring of the Evening {Will+ Int+6 Slay+3}
   (You acquired it on level 3 of the Elven Halls)

   [ring of intelligence]

   Int:       It affects your intelligence (+6).
   Slay:      It affects your accuracy & damage with ranged weapons and melee
   (+3).
   Will:      It increases your willpower.
 C - the amulet "Decire" {Spirit rC+ Int+6}
   (You found it in an ice cave)

   [amulet of guardian spirit]

   It causes incoming damage to be divided between your reserves of health and
   magic.
   Int:       It affects your intelligence (+6).
   rC:        It protects you from cold.
 D - the ring "Canaemipp" (left hand) {rF+ rCorr Dex-3 Slay+2}
   (You found it on level 4 of the Shoals)

   [ring of resist corrosion]

   Dex:       It affects your dexterity (-3).
   Slay:      It affects your accuracy & damage with ranged weapons and melee
   (+2).
   rF:        It protects you from fire.
   rCorr:     It protects you from acid and corrosion.
 E - the amulet of Toebogo (around neck) {Reflect rC+ Int-4 Dex+2 SH+5}
   (You took it off a deep elf death mage on level 3 of the Elven Halls)

   [amulet of reflection]

   It reflects blocked missile attacks.
   Int:       It affects your intelligence (-4).
   Dex:       It affects your dexterity (+2).
   rC:        It protects you from cold.
   SH:        It affects your SH (+5).
 L - the ring of Kothru {Ice rCorr Dex+4}
   (You took it off an efreet in Pandemonium)

   [ring of ice]

   It enhances your ice magic.
   Dex:       It affects your dexterity (+4).
   rF:        It makes you vulnerable to fire.
   rC:        It protects you from cold.
   rCorr:     It protects you from acid and corrosion.
 T - the ring of Yredelemnul, Leaping {EV+5 Int+5}
   (You found it in Pandemonium)

   [ring of evasion]

   EV:        It affects your evasion (+5).
   Int:       It affects your intelligence (+5).
 X - the ring of Ceqomug {rC+ Dex+5 SInv}
   (You found it on level 3 of the Elven Halls)

   [ring of protection from cold]

   Dex:       It affects your dexterity (+5).
   rC:        It protects you from cold.
   SInv:      It lets you see invisible.
Wands
 e - a wand of roots (77)
 g - a wand of flame (104)
 h - a wand of mindburst (25)
 m - a wand of paralysis (86)
 x - a wand of quicksilver (25)
 I - a wand of polymorph (23)
 Y - a wand of digging (22)
Scrolls
 i - 57 scrolls of identify
 l - 22 scrolls of teleportation
 o - 15 scrolls of poison
 q - 15 scrolls of amnesia
 v - 2 scrolls of fog
 z - 4 scrolls of fear
 F - a scroll of brand weapon
 P - 4 scrolls of silence
 W - 6 scrolls of enchant weapon
Potions
 b - 13 potions of brilliance
 c - 12 potions of lignification
 j - 45 potions of curing
 k - 2 potions of resistance
 w - 11 potions of flight
 A - 4 potions of berserk rage
 R - 3 potions of cancellation
 U - 7 potions of ambrosia
Miscellaneous
 s - a phantom mirror
 K - a condenser vane


   Skills:
 O Level 27 Fighting
 - Level 14.0 Maces & Flails
 * Level 15.6 Throwing
 O Level 27 Armour
 - Level 20.4 Dodging
 - Level 1.5 Stealth
 - Level 15.5 Shields
 - Level 16.1 Spellcasting
 - Level 1.0 Conjurations
 - Level 1.0 Summonings
 * Level 13.9 Translocations
 - Level 3.9 Transmutations
 O Level 27 Invocations


You had 51 spell levels left.
You knew the following spells:

 Your Spells              Type           Power      Damage    Failure   Level
a - Magic Dart            Conj           60%        1d6       26%         1
b - Passwall              Tmut/Erth      15%        N/A       26%         2
c - Manifold Assault      Tloc           52%        N/A       1%          4

Your spell library contained the following spells:

 Spells                   Type           Power      Damage    Failure   Level
 Apportation              Tloc           100%       N/A       1%          1
 Blink                    Tloc           100%       N/A       1%          2
 Lesser Beckoning         Tloc           100%       N/A       1%          2
 Gell's Gravitas          Tloc           52%        N/A       1%          3
 Teleport Other           Tloc           52%        N/A       1%          3
 Passage of Golubria      Tloc           52%        N/A       1%          4
 Portal Projectile        Hex/Tloc       66%        N/A       7%          3
 Vhi's Electric Charge    Tloc/Air       66%        N/A       7%          3
 Wereblood                Tmut           24%        N/A       12%         2
 Dispersal                Tloc           26%        N/A       19%         6
 Summon Small Mammal      Summ           60%        N/A       26%         1
 Foxfire                  Conj/Fire      52%        2x1d6     32%         1
 Kiss of Death            Conj/Necr      52%        2d9       32%         1
 Shock                    Conj/Air       52%        1d6       32%         1
 Freeze                   Ice            48%        1d6       36%         1
 Necrotise                Necr           48%        1d6       36%         1
 Sandblast                Erth           24%        2d8       36%         1
 Slow                     Hex            48%        N/A       36%         1
 Call Imp                 Summ           30%        N/A       36%         2
 Searing Ray              Conj           30%        2d5       36%         2
 Spider Form              Tmut/Pois      18%        N/A       45%         3
 Summon Forest            Summ/Tloc      17%        N/A       45%         5
 Cigotuvi's Dreadful Rot  Necr/Pois/Air  24%        N/A       52%         2
 Ensorcelled Hibernation  Hex/Ice        24%        N/A       52%         2
 Poisonous Vapours        Pois/Air       24%        N/A       52%         2
 Scorch                   Fire           24%        2d6       52%         2
 Sublimation of Blood     Necr           12%        N/A       52%         2
 Ignite Poison            Fire/Tmut/Pois 16%        N/A       56%         3
 Call Canine Familiar     Summ           15%        N/A       61%         3
 Dazzling Flash           Conj/Hex       26%        N/A       67%         3
 Hailstorm                Conj/Ice       13%        3d5       67%         3
 Stone Arrow              Conj/Erth      26%        3d8       67%         3
 Summon Guardian Golem    Hex/Summ       13%        N/A       67%         3
 Mephitic Cloud           Conj/Pois/Air  13%        N/A       71%         3
 Inner Flame              Hex/Fire       12%        N/A       75%         3
 Swiftness                Air            12%        N/A       75%         3
 Tukima's Dance           Hex            12%        N/A       75%         3
 Ice Form                 Ice/Tmut       18%        N/A       86%         4
 Petrify                  Tmut/Erth      18%        N/A       86%         4
 Blade Hands              Tmut           12%        N/A       91%         5
 Animate Armour           Summ/Erth      26%        N/A       97%         4
 Flame Wave               Conj/Fire      13%        2d6       97%         4
 Fulminant Prism          Conj/Hex       6%         3d7       97%         4
 Sticky Flame             Conj/Fire      13%        2d4       97%         4
 Summon Ice Beast         Ice/Summ       13%        N/A       97%         4
 Summon Lightning Spire   Summ/Air       13%        N/A       97%         4
 Airstrike                Air            6%         2d(1-17)  98%         4
 Anguish                  Hex/Necr       6%         N/A       98%         4
 Leda's Liquefaction      Hex/Erth       6%         N/A       98%         4
 Irradiate                Conj/Tmut      9%         3d14      98%         5
 Alistair's Intoxication  Tmut/Pois      12%        N/A       99%         5
 Yara's Violent Unravell  Hex/Tmut       9%         3d6       99%         5
 Agony                    Necr           12%        N/A       100%        5
 Arcjolt                  Conj/Air       6%         1d16      100%        5
 Fireball                 Conj/Fire      6%         3d5       100%        5
 Freezing Cloud           Conj/Ice/Air   6%         6-21      100%        5
 Iskenderun's Battlesphe  Conj           15%        2d7       100%        5
 Lee's Rapid Deconstruct  Erth           6%         3d6*      100%        5
 Silence                  Hex/Air        6%         N/A       100%        5
 Summon Mana Viper        Hex/Summ       13%        N/A       100%        5
 Conjure Ball Lightning   Conj/Air       6%         3x3d6     100%        6
 Eringya's Noxious Bog    Tmut/Pois      9%         N/A       100%        6
 Plasma Beam              Fire/Air       6%         2x1d18    100%        6
 Simulacrum               Ice/Necr       6%         N/A       100%        6
 Starburst                Conj/Fire      6%         6d4       100%        6
 Statue Form              Tmut/Erth      12%        N/A       100%        6
 Summon Cactus Giant      Summ           7%         N/A       100%        6
 Dragon Form              Tmut           12%        N/A       100%        7
 Enfeeble                 Hex            6%         N/A       100%        7
 Haunt                    Necr/Summ      6%         N/A       100%        7
 Monstrous Menagerie      Summ           7%         N/A       100%        7
 Orb of Destruction       Conj           7%         9d6       100%        7
 Spellforged Servitor     Conj/Summ      7%         N/A       100%        7
 Storm Form               Tmut/Air       9%         N/A       100%        7
 Summon Hydra             Summ           7%         N/A       100%        7
 Disjunction              Tloc           26%        N/A       100%        8
 Ignition                 Fire           6%         3d4       100%        8
 Lehudib's Crystal Spear  Conj/Erth      6%         10d3      100%        8
 Maxwell's Capacitive Co  Air            6%         ∞         100%        8
 Necromutation            Tmut/Necr      9%         N/A       100%        8
 Summon Horrible Things   Summ           7%         N/A       100%        8
 Chain Lightning          Conj/Air       6%         3d8       100%        9


Dungeon Overview and Level Annotations

Branches:
Dungeon (15/15)            Temple (1/1) D:4            Lair (5/5) D:10
 Shoals (4/4) Lair:3       Spider (4/4) Lair:3        Slime (5/5) Lair:4
    Orc (2/2) D:12            Elf (3/3) Orc:2        Vaults (5/5) D:14
  Crypt (3/3) Vaults:2       Tomb (0/3) Crypt:3      Depths (4/4) D:15
    Zot (5/5) Depths:4      IceCv (visited)

Altars:
Ashenzari
Cheibriados
Dithmenos
Elyvilon
Fedhas
Gozag
Hepliaklqana
Kikubaaqudgha
Makhleb
Nemelex Xobeh
Okawaru
Qazlal
Ru
Sif Muna
Trog
Uskayaw
Vehumet
Wu Jian
Xom
Yredelemnul
Zin
The Shining One
Beogh
Jiyva

Shops:
D:13 (   Orc:2 *([[(   Elf:1 !   Elf:3 !   Shoals:3 :*   Vaults:1 :
Vaults:2 =   Vaults:3 ?

Portals:
Hell: Depths:1 Depths:2 Depths:3 Depths:4
Abyss: Depths:3
Pandemonium: Depths:1 Depths:2


Innate Abilities, Weirdness & Mutations

You have a pair of small antennae on your head.
You have sharp toenails.
Your mind is acute. (Int +4, Str/Dex -1)
You are clumsy. (Dex -2)
Your body sometimes deteriorates upon taking damage.


Message History

(H) Hell (Z) Zot
Where to? (Enter - D:1, ? - help)
What level of the Dungeon? (default 1, ? - help) You're already here!
Unknown command.
An angel comes into view. It is wielding a +2 whip of holy wrath.
The angel hits you but does no damage. You block the angel's attack.
The angel hits you but does no damage. x2
You miss the angel. You barely miss the angel. You block the angel's attack. x2
You whack the angel!
The angel is lightly wounded.
You block the angel's attack. x2
You thrash the angel!!
The angel is moderately wounded.
You block the angel's attack. The angel misses you.
You whack the angel!
The angel is heavily wounded.
You block the angel's attack. x2
You whack the angel!
The angel is heavily wounded.
You miss the angel.
The angel is heavily wounded.
You block the angel's attack.
The angel hits you with a +2 whip of holy wrath.
You thrash the angel!!
The angel is severely wounded.
The angel gestures.
The angel is healed somewhat.
You whack the angel!
The angel is severely wounded.
You block the angel's attack. x2
You whack the angel!
The angel is almost dead.
You block the angel's attack. The angel hits you but does no damage.
You thrash the angel!!
You kill the angel!
No target in view!
There is a staircase leading out of the dungeon here.
You have escaped!

#.# #.######........
#.##########.######..#.....
#.##.............##......[.
#.##.............##........
#.##..#.#######..##........
#.##..#.......#..##........
#.##..#.......#............
#.##..#.......#..##.)......
#.##......@...#..##.......#
#.##..#..........##.......#
#.##..#..(....#..##........
#.....#.......#..##........
####..#.......#..##........
#..#######.#..##........
#.............#######...
#.............# ##....##
#####.###########..####.


There were no monsters in sight!

Vanquished Creatures
  the Royal Jelly (Slime:5)
  Gloorx Vloq (Pan)
  Lom Lobon (Pan)
  5 pandemonium lords
  3 dread liches
  2 orbs of fire
  Khufu (Crypt:1)
  7 ancient liches
  A juggernaut (Depths:2)
  2 royal mummies (Crypt:1)
  Josephina (Crypt:3)
  Bai Suzhen (Elf:3)
  Vv (Crypt:2)
  Frederick (Crypt:1)
  3 Killer Klowns
  9 caustic shrikes
  2 curse toes
  11 golden dragons
  The ghost of Zonian the Slayer, an adept HOFi of Beogh (Vaults:1)
  The ghost of Boucumua the Executioner, an adept MiFi of the Shining One (Crypt:1)
  2 Tzitzimimeh
  3 Brimstone Fiends (Pan)
  4 electric golems
  4 doom hounds
  3 bone dragons
  6 titans
  13 tentacled monstrosities
  11 liches
  5 Hell Sentinels (Pan)
  A walking crystal tome (Depths:3)
  An Ice Fiend (Pan)
  3 deep elf blademasters
  28 Orb Guardians
  A walking divine tome (Depths:2)
  Grunn (Zot:1)
  3 krakens
  3 deep elf master archers
  9 ancient champions
  13 quicksilver dragons
  17 acid blobs
  16 Executioners
  13 death cobs
  7 tentacled starspawn
  Agnes (Spider:1)
  7 tengu reavers
  14 storm dragons
  Kirke (Shoals:1)
  Roxanne (Spider:4)
  10 shadow dragons
  2 sphinxes
  8 draconian monks
  9 azure jellies
  6 draconian knights
  An azure jelly (shapeshifter) (Zig:5)
  The ghost of Trobe the Severer, a journeyman MiFi of Okawaru (Spider:1)
  A revenant (Crypt:2)
  5 rockslimes
  17 vault wardens
  5 fire giants
  2 demonspawn warmongers (Pan)
  7 emperor scorpions
  6 draconian scorchers
  17 balrugs
  7 frost giants
  6 iron dragons
  14 deep elf sorcerers
  5 ghost moths
  3 spectral caustic shrikes (Depths:2)
  3 draconian stormcallers
  5 deep elf elementalists (Elf:3)
  4 curse skulls
  3 draconian shifters
  15 ironbound preservers
  6 draconian annihilators
  A juggernaut zombie (Depths:1)
  7 broodmothers
  An orc warlord (Vaults:3)
  7 reapers
  3 war gargoyles
  5 cacodemons
  3 demonspawn blood saints (Pan)
  A juggernaut skeleton (Crypt:1)
  27 very ugly things
  8 ghouls
  10 ironbound thunderhulks
  An angel (D:1)
  4 quicksilver oozes
  14 stone giants
  A quicksilver ooze (shapeshifter) (Vaults:5)
  4 vampire knights
  12 black draconians
  9 green draconians
  2 spectral hellephants (Crypt:1)
  2 pale draconians (Depths:4)
  4 demonspawn black suns (Pan)
  4 lorocyprocas
  11 deep elf demonologists
  14 dire elephants
  8 red draconians
  12 purple draconians
  11 white draconians
  10 yellow draconians
  The ghost of Lakkat the Eclecticist, a journeyman DECj of Sif Muna (Orc:1)
  12 spark wasps
  6 deep elf annihilators
  9 green deaths (Pan)
  2 crystal guardians (Abyss:4)
  3 eidola
  2 merfolk javelineers
  10 blizzard demons
  9 fire dragons
  10 deep elf death magi
  2 spectral elves (Crypt:1)
  5 ettins
  A great orb of eyes (shapeshifter) (Abyss:4)
  17 jiangshi
  5 entropy weavers
  7 merfolk impalers
  A spectral spriggan (Crypt:2)
  11 yaktaur captains
  9 deep elf high priests
  5 rakshasas
  A hell beast (Depths:4)
  4 spriggan zombies
  14 great orbs of eyes
  Fannar (Orc:1)
  43 vault guards
  8 ironbound frosthearts
  A fenstrider witch zombie (Crypt:2)
  7 hydras
  A quicksilver dragon skeleton (Crypt:3)
  A peacekeeper (Vaults:2)
  14 centaur warriors
  4 spriggan air magi
  The ghost of Madon the Carver, a journeyman DgGl (Lair:1)
  3 merfolk avatars
  3 ogre magi
  A caustic shrike simulacrum (Depths:3)
  An anaconda (shapeshifter) (Abyss:4)
  A catoblepas (Lair:4)
  4 merfolk aquamancers (Shoals:4)
  16 two-headed ogres
  A boulder beetle (shapeshifter) (Abyss:4)
  A juggernaut simulacrum (Abyss:4)
  4 radroaches
  11 ice dragons
  A two-headed ogre (shapeshifter) (Abyss:4)
  4 spriggan skeletons
  4 death knights
  7 boulder beetles
  2 death yaks
  2 deep troll shamans
  A fenstrider witch skeleton (Crypt:3)
  26 dancing weapons
  An Orb Guardian skeleton (Crypt:2)
  An alligator snapping turtle (Shoals:3)
  27 tengu warriors
  10 deep troll earth magi
  4 satyrs
  8 spriggan berserkers
  9 vampire magi
  13 thrashing horrors
  58 sun demons
  6 hell hogs
  A naga sharpshooter (Zig:4)
  3 holy swine (Pan)
  Nergalle (D:12)
  8 deep elf knights
  3 hell knights
  21 soul eaters
  A spectral emperor scorpion (Spider:1)
  3 sun moths
  12 shadow wraiths
  14 sixfirhies
  51 skeletal warriors
  6 skysharks
  A spatial maelstrom (Abyss:3)
  7 wretched stars
  5 pharaoh ants
  Amaemon (Lair:3)
  13 iron trolls
  A spectral ghost moth (Spider:1)
  44 deep trolls
  4 flayed ghosts
  13 sea snakes
  A spark wasp zombie (Crypt:2)
  The ghost of Iwkinivi the Thaumaturge, a novice FeCj of Gozag (D:13)
  4 storm dragon skeletons
  A deep troll (shapeshifter) (Vaults:5)
  An iron giant skeleton (Crypt:3)
  3 swamp dragons (Depths:4)
  An obsidian statue (D:13)
  5 phantasmal warriors
  2 quicksilver dragon simulacra (Depths:3)
  14 orb spiders
  A spectral hydra (Crypt:2)
  10 glowing orange brains
  5 shadow demons (Pan)
  7 wizards
  A glowing orange brain (shapeshifter) (Elf:1)
  8 necromancers
  A fenstrider witch simulacrum (Crypt:3)
  A spriggan simulacrum (Crypt:2)
  2 bog bodies (Crypt:1)
  3 bunyip skeletons
  4 deep elf archers
  6 lindwurms (Vaults:3)
  17 deep elf pyromancers
  24 harpies
  21 ironbound convokers
  A spectral wolf spider (Spider:1)
  7 orc knights
  An anaconda skeleton (Crypt:3)
  A golden dragon skeleton (Crypt:3)
  Pikel (D:5)
  7 steelbarb worms
  20 deep elf zephyrmancers
  31 wolf spiders
  A shining eye (shapeshifter) (Depths:3)
  22 manticores
  An oklob plant (Lair:4)
  8 cyclopes
  56 ugly things
  A shadow dragon skeleton (Crypt:3)
  7 shining eyes
  2 spectral centaurs (Crypt:2)
  29 moths of wrath
  3 ice statues
  A sphinx skeleton (Depths:3)
  A stone giant skeleton (Crypt:3)
  13 fauns
  A faun (shapeshifter) (Zig:5)
  An orc sorcerer (D:12)
  A worldbinder (Abyss:3)
  7 elephants
  A naga zombie (Crypt:2)
  5 rust devils
  2 moths of wrath (shapeshifter)
  7 merfolk sirens
  4 iron dragon skeletons (Crypt:3)
  10 black mambas
  6 centaur skeletons
  2 apocalypse crabs
  2 titan simulacra
  22 demonic crawlers
  5 water nymphs
  A dire elephant zombie (Crypt:3)
  A frost giant skeleton (Depths:3)
  3 eyes of devastation
  A guardian serpent (Lair:5)
  35 smoke demons
  14 orange demons
  14 cane toads
  28 vault sentinels
  The ghost of ababab the Jinx, a novice FeEn of Dithmenos (Lair:1)
  4 torpor snails
  A rime drake (shapeshifter) (Abyss:4)
  11 unseen horrors
  27 yaktaurs
  An orb spider zombie (Crypt:1)
  A torpor snail (shapeshifter) (Elf:3)
  3 gargoyles
  6 komodo dragons
  An orc skeleton (Crypt:3)
  7 efreet
  2 dire elephant skeletons
  2 emperor scorpion simulacra (Spider:1)
  6 tormentors
  6 rime drakes
  3 tengu conjurers (Depths:3)
  2 ancient zymes
  2 ice devils
  An iron troll zombie (Crypt:3)
  6 freezing wraiths
  An alligator snapping turtle skeleton (Crypt:1)
  A yaktaur (shapeshifter) (Elf:3)
  An iron giant simulacrum (Crypt:2)
  5 red devils (Pan)
  A ghost moth simulacrum (Spider:1)
  A green draconian skeleton (Crypt:2)
  A tengu simulacrum (Depths:1)
  A harpy zombie (Crypt:2)
  A troll (shapeshifter) (D:15)
  11 polar bears
  A kobold demonologist (D:12)
  An anaconda simulacrum (Crypt:2)
  13 hellwings
  24 merfolk
  8 trolls
  7 harpy skeletons
  2 hydra skeletons
  Prince Ribbit (D:5)
  3 meliai (Spider:1)
  6 hornets
  17 blink frogs
  21 raiju
  11 snapping turtles
  A tarantella (shapeshifter) (Vaults:5)
  5 wind drakes
  3 dream sheep
  22 tarantellas
  A frost giant simulacrum (Depths:1)
  A satyr zombie (Crypt:1)
  A meliai zombie (Crypt:3)
  An air elemental (Elf:1)
  22 culicivoras
  3 vampires
  A centaur simulacrum (Crypt:3)
  23 flying skulls
  77 slime creatures
  A stone giant simulacrum (Vaults:4)
  An ice dragon zombie (Crypt:2)
  9 wraiths
  21 jumping spiders
  28 large abominations
  3 shadows
  A dire elephant simulacrum (Crypt:2)
  5 spriggans
  9 water elementals
  20 ynoxinuls
  A basilisk (shapeshifter) (Abyss:3)
  5 fire elementals
  8 wyverns
  55 yaks
  3 basilisks
  A redback (shapeshifter) (D:12)
  71 redbacks
  13 golden eyes
  16 chaos spawn
  20 neqoxecs
  4 hogs (Shoals:1)
  4 steam dragons
  13 vampire mosquitoes
  8 wargs
  A spatial vortex (Abyss:3)
  2 nagas (Zig:1)
  3 harpy simulacra
  2 acid dragons
  30 water moccasins
  11 hell hounds (Lair:5)
  2 floating eyes
  A hydra simulacrum (Crypt:2)
  17 black bears
  2 naga skeletons
  35 orc warriors
  5 ettin simulacra (Depths:3)
  An ice beast (D:7)
  A tengu (D:3)
  A wolf (shapeshifter) (D:13)
  10 boggarts
  20 wolves
  7 ogres
  17 centaurs
  An elephant skeleton (Crypt:2)
  A kobold brigand (D:9)
  A rime drake skeleton (Crypt:3)
  Blork the orc (D:6)
  A salamander skeleton (Crypt:1)
  An earth elemental (Elf:1)
  11 small abominations
  13 bullfrogs
  5 necrophages
  4 scorpions
  A yaktaur skeleton (Crypt:2)
  A glowing shapeshifter simulacrum (Depths:1)
  2 gnoll sergeants
  11 wights
  A warg zombie (Crypt:1)
  Dowan (D:4)
  3 lindwurm simulacra (IceCv)
  18 electric eels
  12 howler monkeys
  A centaur zombie (Crypt:2)
  10 crimson imps
  2 wolf skeletons (Crypt:1)
  7 quasits
  5 komodo dragon simulacra (IceCv)
  3 iron imps (D:4)
  2 jellies
  3 gnoll boudas
  2 hounds
  Crazy Yiuf (D:4)
  15 orc priests
  47 starcursed masses
  A basilisk skeleton (Crypt:2)
  A sleepcap (D:5)
  13 orc wizards
  Natasha (thrice) (D:2)
  4 iguanas
  An acid dragon zombie (Crypt:2)
  An acid dragon skeleton (Crypt:2)
  A mummy (Crypt:1)
  25 gnolls
  7 adders
  2 acid dragon simulacra (IceCv)
  2 white imps
  2 ufetubi
  10 steam dragon simulacra (IceCv)
  A worm (D:5)
  2 dart slugs
  50 orcs
  3 endoplasms
  2 giant cockroaches (D:3)
  9 goblins
  5 hobgoblins
  2 jackals (D:1)
  13 kobolds
  4 quokkas
  6 ball pythons
  A ball python skeleton (Crypt:3)
  8 bats
  2 frilled lizards
  2 hobgoblin skeletons
  7 rats
  4 fire vortices (Pan)
  2 lurking horrors (Abyss:4)
  A spectral weapon (Elf:3)
  5 starspawn tentacles
  10 tentacles
3091 creatures vanquished.

Vanquished Creatures (collateral kills)
  An Orb Guardian (Zot:5)
  A lich (Crypt:2)
  An acid blob (Slime:5)
  2 lorocyprocas (Pan)
  2 spriggan skeletons (Pan)
  3 holy swine (Pan)
  An orb spider (Spider:1)
  3 large abominations (Pan)
  A rime drake (IceCv)
  A dire elephant skeleton (Crypt:2)
  A centaur simulacrum (Crypt:2)
  A ynoxinul (Pan)
  A dire elephant simulacrum (Crypt:2)
  A chaos spawn (Zot:5)
  2 naga skeletons (Pan)
  A lindwurm simulacrum (IceCv)
23 creatures vanquished.

Vanquished Creatures (others)
  Arachne (Spider:4)
  A storm dragon (Zot:2)
  A spark wasp (Spider:4)
  A fire dragon (Depths:2)
  A great orb of eyes (Vaults:1)
  A thrashing horror (Abyss:4)
  A tengu warrior (D:13)
  A pharaoh ant (Spider:4)
  A deep elf zephyrmancer (Elf:1)
  A jumping spider (Spider:4)
  A redback (Spider:2)
  A crimson imp (Abyss:5)
  An orc wizard (D:9)
  An ufetubus (Abyss:3)
  3 orcs
  A quokka (D:4)
  3 ball lightnings (Pan)
  2 lurking horrors (Abyss:3)
  11 starspawn tentacles
  22 tentacles
56 creatures vanquished.

Grand Total: 3170 creatures vanquished

Notes
Turn   | Place    | Note
-------+----------+-------------------------------------------
     0 | D:1      | Amplified the Hill Orc Hedge Wizard began the quest for the
                  | Orb.
     0 | D:1      | Reached XP level 1. HP: 14/14 MP: 3/3
   166 | D:1      | Reached XP level 2. HP: 17/22 MP: 5/5
   200 | D:1      | Reached skill level 1 in Fighting
   260 | D:1      | Reached skill level 1 in Armour
   616 | D:1      | Reached XP level 3. HP: 28/28 MP: 6/6
   722 | D:2      | Found a basalt altar of Yredelemnul.
   795 | D:2      | Reached skill level 1 in Maces & Flails
  1028 | D:2      | Noticed Natasha
  1039 | D:2      | Killed Natasha
  1040 | D:2      | Reached XP level 4. HP: 18/37 MP: 7/7
  1053 | D:2      | Noticed Natasha
  1063 | D:2      | Killed Natasha
  1250 | D:2      | Noticed Natasha
  1264 | D:2      | Killed Natasha
  1265 | D:2      | Reached XP level 5. HP: 36/45 MP: 8/8
  1411 | D:3      | Found an opulent altar of Gozag.
  2306 | D:4      | Noticed an ogre
  2355 | D:5      | Entered Level 5 of the Dungeon
  2371 | D:5      | Noticed Prince Ribbit
  2380 | D:4      | Noticed Grinder
  2381 | D:4      | Noticed Duvessa
  2383 | D:4      | Reached XP level 6. HP: 39/52 MP: 9/9
  2383 | D:4      | Noticed Dowan
  2570 | D:4      | Reached skill level 5 in Fighting
  2588 | D:3      | Reached XP level 7. HP: 48/61 MP: 10/10
  2658 | D:4      | Found a burning altar of Makhleb.
  2682 | D:4      | Found a white marble altar of Elyvilon.
  2701 | D:4      | Paralysed by Grinder for 5 turns
  2819 | D:4      | Grinder changed into Grinder the quasit
  2819 | D:4      | Noticed Grinder
  2837 | D:4      | Killed Grinder the quasit
  3033 | D:4      | Duvessa changed into Duvessa the scorpion
  3033 | D:4      | Noticed Duvessa
  3035 | D:4      | Killed Duvessa the scorpion
  3036 | D:4      | Reached skill level 5 in Maces & Flails
  3107 | D:4      | Found a staircase to the Ecumenical Temple.
  3144 | D:4      | Killed Dowan
  3152 | Temple   | Entered the Ecumenical Temple
  3242 | D:4      | Found a runed translucent door.
  3243 | D:4      | Noticed Crazy Yiuf
  3410 | D:4      | Found a snail-covered altar of Cheibriados.
  3704 | D:5      | Reached XP level 8. HP: 52/71 MP: 11/11
  3761 | D:5      | Killed Prince Ribbit
  3762 | D:5      | Noticed Pikel
  4020 | D:5      | Killed Pikel
  4021 | D:5      | Reached skill level 5 in Armour
  4419 | D:6      | Reached XP level 9. HP: 81/81 MP: 12/12
  4481 | D:6      | Noticed Blork the orc
  4483 | D:6      | Killed Blork the orc
  4735 | D:6      | Found a shimmering blue altar of Sif Muna.
  5115 | D:7      | Noticed a cyclops
  5124 | D:7      | Killed a cyclops
  5147 | D:7      | Found an ancient bone altar of Kikubaaqudgha.
  5972 | D:8      | Reached skill level 10 in Fighting
  6050 | D:8      | Reached XP level 10. HP: 57/94 MP: 13/13
  6272 | D:8      | Identified the +6 flail "Uwne" {drain, rElec rPois Will+}
  6334 | D:8      | Reached skill level 10 in Maces & Flails
  6337 | D:8      | Identified the +2 hand axe of Destiny {chaos, rElec rC+
                  | Stlth+}
  6376 | D:8      | Found an iron altar of Okawaru.
  6564 | D:8      | Identified a scroll of acquirement
  6567 | D:8      | Acquired a +2 kite shield of poison resistance
  6685 | D:8      | Reached skill level 1 in Shields
  7119 | D:4      | Killed Crazy Yiuf
  7625 | D:9      | Found a radiant altar of Vehumet.
  7646 | D:9      | Noticed a two-headed ogre
  7653 | D:9      | Killed a two-headed ogre
  7887 | D:9      | Noticed a two-headed ogre
  7893 | D:9      | Killed a two-headed ogre
  7984 | D:9      | Reached XP level 11. HP: 91/103 MP: 14/14
  7989 | D:9      | Reached skill level 5 in Shields
  8095 | D:9      | Found a glowing golden altar of the Shining One.
  8335 | D:9      | Found a shimmering altar of Xom.
  8339 | D:9      | Became a worshipper of the Shining One
  8344 | D:9      | Found a hide-covered altar of Uskayaw.
  8347 | D:9      | Found a blossoming altar of Fedhas.
  8349 | D:9      | Found a stormy altar of Qazlal.
  8354 | D:9      | Found a broken altar of Ashenzari.
  8459 | D:9      | Reached skill level 1 in Invocations
  8959 | D:10     | Entered Level 10 of the Dungeon
  8959 | D:10     | Noticed a two-headed ogre
  8966 | D:9      | Killed a two-headed ogre
  9335 | D:10     | Found a staircase to the Lair.
  9515 | D:10     | Reached * piety under the Shining One
  9882 | D:10     | Learned a level 2 spell: Passwall
 10346 | D:11     | Reached skill level 5 in Invocations
 10676 | D:11     | Noticed a green ugly thing
 10683 | D:11     | Killed a green ugly thing
 10684 | D:11     | Reached skill level 1 in Transmutations
 10902 | D:11     | Noticed a boulder beetle
 10902 | D:11     | Noticed a two-headed ogre
 10934 | D:11     | Killed a two-headed ogre
 10935 | D:11     | Reached XP level 12. HP: 98/113 MP: 13/16
 10941 | D:11     | Noticed a boulder beetle
 10961 | D:11     | Killed a boulder beetle
 11102 | D:11     | Killed a boulder beetle
 11538 | D:12     | Noticed a soul eater
 11686 | Lair:1   | Entered Level 1 of the Lair of Beasts
 12026 | Lair:1   | Found a runed translucent gate.
 12026 | Lair:1   | Found a runed translucent gate.
 12026 | Lair:1   | Found a runed translucent gate.
 12027 | Lair:1   | Noticed ababab's ghost (novice FeEn)
 12029 | Lair:1   | Noticed Madon's ghost (journeyman DgGl)
 13025 | Lair:2   | Noticed a death yak
 13044 | Lair:2   | Killed a death yak
 13394 | Lair:3   | Found a staircase to the Shoals.
 13405 | Lair:3   | Noticed a six-headed hydra
 13420 | Lair:2   | Killed a six-headed hydra
 13475 | Lair:2   | Reached XP level 13. HP: 64/122 MP: 19/19
 13533 | Lair:3   | Noticed Amaemon
 13576 | Lair:3   | Found a frozen archway.
 13621 | IceCv    | Entered an ice cave
 13628 | IceCv    | Reached ** piety under the Shining One
 13882 | IceCv    | HP: 1/122 [something] (19)]
 14371 | IceCv    | Reached *** piety under the Shining One
 14533 | IceCv    | Noticed a white draconian
 14617 | IceCv    | Killed a white draconian
 14694 | IceCv    | Identified the amulet "Decire" {Spirit rC+ Int+6}
 14974 | Lair:3   | Found a hole to the Spider Nest.
 15108 | Lair:3   | Reached skill level 10 in Shields
 15541 | Lair:3   | Killed Amaemon
 15564 | Lair:3   | Reached skill level 10 in Invocations
 17033 | Lair:4   | Noticed a dire elephant
 17054 | Lair:4   | Found a runed translucent door.
 17129 | Lair:4   | Identified the +1 morningstar "Viasoyn" {flame, Drain Str+3
                  | Int+3}
 17160 | Lair:4   | Found a viscous altar of Jiyva.
 17499 | Lair:4   | Killed a dire elephant
 17698 | Lair:5   | Entered Level 5 of the Lair of Beasts
 17749 | Lair:5   | Reached XP level 14. HP: 112/132 MP: 19/22
 18697 | Lair:5   | Reached skill level 15 in Fighting
 20275 | Lair:5   | Reached **** piety under the Shining One
 20951 | Lair:5   | Reached XP level 15. HP: 129/144 MP: 23/25
 21050 | Lair:4   | Found a staircase to the Slime Pits.
 21696 | D:12     | Found a staircase to the Orcish Mines.
 21844 | D:12     | Noticed a fire giant
 21867 | D:13     | Found a transporter.
 21880 | D:13     | Reached ***** piety under the Shining One
 22138 | D:13     | Noticed Iwkinivi's ghost (novice FeCj)
 22461 | D:13     | You fall into a shaft and drop 1 floor!
 22514 | D:14     | Found a gate to the Vaults.
 22711 | D:13     | Found Paoses's Weapon Shop.
 22720 | D:13     | Found a transporter.
 22783 | D:13     | Reached skill level 15 in Invocations
 23895 | D:14     | Found a glowing golden altar of the Shining One.
 25318 | D:12     | Killed a fire giant
 25743 | Orc:1    | Entered Level 1 of the Orcish Mines
 25761 | Orc:1    | Noticed Fannar
 25785 | Orc:1    | Noticed Nergalle
 25805 | D:12     | Killed Nergalle
 25806 | D:12     | Reached XP level 16. HP: 151/153 MP: 28/28
 25832 | Orc:1    | Paralysed by an orc sorcerer for 3 turns
 25877 | Orc:1    | Killed Fannar
 25937 | Orc:1    | Found a roughly hewn altar of Beogh.
 26143 | Orc:1    | Found a transporter.
 26145 | Orc:1    | Noticed Lakkat's ghost (journeyman DECj)
 26196 | Orc:1    | Found a roughly hewn altar of Beogh.
 26285 | Orc:1    | Found a transporter.
 26611 | Orc:2    | Entered Level 2 of the Orcish Mines
 26666 | Orc:1    | Reached skill level 15 in Shields
 27389 | Orc:2    | Found Qufrozuck's General Store.
 27468 | Orc:2    | Found a staircase to the Elven Halls.
 27548 | Orc:2    | Found Obram's Antique Armour Emporium.
 27548 | Orc:2    | Found Foibic's Antique Armour Boutique.
 27550 | Orc:2    | Found Nethiaxygho's Antique Weapon Shop.
 27552 | Orc:2    | Found Dahuameps's Antique Weapon Shoppe.
 27817 | Orc:2    | Bought a smoking chain mail for 228 gold pieces
 27817 | Orc:2    | Identified the +4 chain mail "Woas" {+Inv rC- Regen+ Str+2}
                  | (You bought it in a shop on level 2 of the Orcish Mines)
 27819 | Orc:2    | Bought a transparent scimitar for 333 gold pieces
 27819 | Orc:2    | Identified the +3 scimitar "Impbane" {elec, rPois Will+
                  | MP+9} (You bought it in a shop on level 2 of the Orcish
                  | Mines)
 28140 | Orc:2    | Bought a transparent flail for 212 gold pieces
 28140 | Orc:2    | Identified the +5 flail of Gehy {protect, rElec} (You
                  | bought it in a shop on level 2 of the Orcish Mines)
 28140 | Orc:2    | Bought a translucent scimitar for 225 gold pieces
 28140 | Orc:2    | Identified the +3 scimitar "Botyakkodu" {flame, Will+
                  | Dex+3} (You bought it in a shop on level 2 of the Orcish
                  | Mines)
 28174 | Elf:1    | Entered Level 1 of the Elven Halls
 28187 | Elf:1    | Gained mutation: Your body sometimes deteriorates upon
                  | taking damage. [a shining eye]
 28215 | Elf:1    | Identified the +3 war axe of Compulsion {venom, Dex+3
                  | Stlth-}
 28388 | D:15     | Entered Level 15 of the Dungeon
 29157 | D:15     | Found a staircase to the Depths.
 29967 | Lair:1   | Killed ababab's ghost
 29994 | Lair:1   | Killed Madon's ghost
 30159 | Orc:1    | Gained mutation: You are weak. (Str -2) [a neqoxec]
 30167 | Orc:1    | Killed Lakkat's ghost
 30194 | Orc:1    | Lost mutation: Your body sometimes deteriorates upon taking
                  | damage. [potion of mutation]
 30194 | Orc:1    | Lost mutation: You are weak. (Str -2) [potion of mutation]
 30194 | Orc:1    | Gained mutation: You are frail. (-10% HP) [potion of
                  | mutation]
 30194 | Orc:1    | Gained mutation: You sometimes lose your temper in combat.
                  | [potion of mutation]
 30194 | Orc:1    | Gained mutation: You have hidden genetic potential. [potion
                  | of mutation]
 30194 | Orc:1    | Gained mutation: You passively map a small area around you.
                  | [potion of mutation]
 30451 | Spider:1 | Entered Level 1 of the Spider Nest
 30473 | Lair:3   | Lost mutation: You have hidden genetic potential. [potion
                  | of mutation]
 30473 | Lair:3   | Lost mutation: You are frail. (-10% HP) [potion of
                  | mutation]
 30473 | Lair:3   | Gained mutation: Your mind is acute. (Int +4, Str/Dex -1)
                  | [potion of mutation]
 30473 | Lair:3   | Gained mutation: You are robust. (+10% HP) [potion of
                  | mutation]
 31068 | Spider:1 | Noticed Agnes
 31091 | Spider:1 | Killed Agnes
 31297 | Spider:1 | Reached XP level 17. HP: 182/182 MP: 29/29
 31756 | Spider:1 | Found a transporter.
 31776 | Spider:1 | Found a transporter.
 31777 | Spider:1 | Noticed Trobe's ghost (journeyman MiFi)
 31797 | Spider:1 | Reached ****** piety under the Shining One
 31812 | Spider:1 | Killed Trobe's ghost
 31889 | Spider:1 | Lost mutation: Your mind is acute. (Int +4, Str/Dex -1)
                  | [potion of mutation]
 31889 | Spider:1 | Lost mutation: You are robust. (+10% HP) [potion of
                  | mutation]
 31889 | Spider:1 | Lost mutation: You sometimes lose your temper in combat.
                  | [potion of mutation]
 31889 | Spider:1 | Gained mutation: You have hidden genetic potential. [potion
                  | of mutation]
 32905 | Elf:1    | Reached skill level 5 in Dodging
 33105 | Elf:1    | Got the Volume of Creative Destruction
 33183 | Elf:1    | Paralysed by an air elemental for 1 turns
 33769 | Elf:1    | Found Cajaez's Distillery.
 33774 | Elf:1    | Bought a potion of heal wounds for 75 gold pieces
 33774 | Elf:1    | Bought a potion of heal wounds for 75 gold pieces
 33774 | Elf:1    | Bought 2 potions of heal wounds for 150 gold pieces
 33774 | Elf:1    | Bought a potion of heal wounds for 75 gold pieces
 33774 | Elf:1    | Bought a potion of heal wounds for 75 gold pieces
 33774 | Elf:1    | Bought a potion of might for 60 gold pieces
 33774 | Elf:1    | Bought a potion of flight for 45 gold pieces
 33774 | Elf:1    | Bought a potion of curing for 45 gold pieces
 33774 | Elf:1    | Bought a potion of ambrosia for 120 gold pieces
 33781 | Elf:1    | Acquired the +0 pair of boots of Ityqafal {rC+ Str+5}
 34282 | Elf:2    | Found a runed translucent gate.
 34307 | Elf:2    | Found a runed translucent gate.
 34307 | Elf:2    | Found a runed translucent gate.
 34673 | Elf:2    | Reached skill level 10 in Armour
 34830 | Elf:3    | Entered Level 3 of the Elven Halls
 35038 | Elf:3    | Found Ocsat's Distillery.
 35044 | Elf:3    | Bought a potion of heal wounds for 65 gold pieces
 35044 | Elf:3    | Bought a potion of curing for 39 gold pieces
 35044 | Elf:3    | Bought a potion of curing for 39 gold pieces
 35474 | Elf:3    | Noticed a deep elf master archer
 35484 | Elf:3    | Killed a deep elf master archer
 36308 | Spider:1 | Reached XP level 18. HP: 163/178 MP: 28/31
 36744 | Shoals:1 | Entered Level 1 of the Shoals
 37194 | Shoals:1 | Gained mutation: You passively dampen the noise of your
                  | surroundings. [hidden potential]
 37346 | Shoals:1 | Noticed Kirke
 37357 | Shoals:1 | Killed Kirke
 38953 | Shoals:3 | Found Gyvoz's Assorted Antiques.
 39948 | Shoals:3 | Got the Directory of Radiant Apparitions
 40229 | Shoals:3 | Found Zayxt's Vocational Training.
 40241 | Shoals:3 | Bought a manual of Invocations for 800 gold pieces
 40343 | Shoals:4 | Entered Level 4 of the Shoals
 40728 | Shoals:4 | Got a barnacled rune of Zot
 41286 | Shoals:4 | Reached XP level 19. HP: 121/188 MP: 20/33
 41751 | Shoals:4 | Identified the +9 plate armour "Ifoilatu" {Regen+ Str+6
                  | Dex-4 Stlth+}
 41841 | Shoals:4 | Identified the ring "Canaemipp" {rF+ rCorr Dex-3 Slay+2}
 41849 | Shoals:4 | Gained mutation: You are partially covered in iridescent
                  | scales. (AC +2) [hidden potential]
 41849 | Shoals:4 | Lost mutation: You have hidden genetic potential. [hidden
                  | potential expressed]
 42463 | Vaults:1 | Entered Level 1 of the Vaults
 43388 | Vaults:2 | Found a staircase to the Crypt.
 43400 | Crypt:1  | Entered Level 1 of the Crypt
 43849 | Crypt:1  | Identified the +9 lajatang of the Skies Above {elec, rPois
                  | Int+4}
 43862 | Crypt:1  | Found a transporter.
 43872 | Crypt:1  | Noticed Boucumua's ghost (adept MiFi)
 43889 | Crypt:1  | Found a transporter.
 43893 | Crypt:1  | Identified the ring of Ilybics {rPois Slay+3 SInv}
 43924 | Crypt:1  | Noticed a royal mummy
 43945 | Crypt:1  | Noticed Khufu
 43946 | Crypt:1  | Killed a royal mummy
 43946 | Crypt:1  | Noticed a royal mummy
 45604 | Crypt:2  | Noticed Vv
 45610 | Crypt:3  | Entered Level 3 of the Crypt
 46336 | Crypt:2  | Reached XP level 20. HP: 169/200 MP: 32/35
 46448 | Crypt:3  | Identified the ring of Pagg {Ice rElec Int+3}
 46448 | Crypt:3  | Noticed Josephina
 46463 | Crypt:3  | Killed Josephina
 46785 | Crypt:3  | Reached skill level 10 in Dodging
 46806 | Crypt:3  | Identified a +9 sacred scourge of holy wrath (a +7 demon
                  | whip of venom blessed by the Shining One)
 46806 | Crypt:3  | Received a gift from the Shining One
 46859 | Crypt:3  | Found an ancient bone altar of Kikubaaqudgha.
 47131 | Crypt:3  | Noticed a bone dragon
 47131 | Crypt:3  | Noticed a bone dragon
 47136 | Crypt:3  | Noticed an ancient lich
 47143 | Crypt:3  | Killed a bone dragon
 47149 | Crypt:3  | Killed a bone dragon
 47161 | Crypt:3  | Killed an ancient lich
 47377 | Crypt:3  | Identified the +7 quarterstaff "Ezoak" {flame, rN++ Int+7
                  | Dex-2}
 47724 | Crypt:3  | Found the +13 scythe of Curses {drain, curses, Drain}
 47993 | Crypt:3  | Found a staircase to the Tomb.
 48002 | Crypt:3  | Identified the +5 glaive "Kilaplye" {heavy, rC+ Will+}
 48284 | Crypt:3  | Reached skill level 15 in Armour
 48443 | Crypt:2  | Killed Vv
 48856 | Crypt:1  | Reached XP level 21. HP: 209/209 MP: 37/37
 48969 | Crypt:1  | Noticed a bone dragon
 48980 | Crypt:1  | Killed a bone dragon
 49343 | Crypt:1  | Killed Boucumua's ghost
 49482 | Crypt:1  | Noticed Frederick
 49577 | Crypt:1  | Killed Frederick
 49585 | Crypt:1  | Killed Khufu
 49898 | Crypt:1  | Killed a royal mummy
 51191 | Vaults:2 | Found Asiumeist's Jewellery Shop.
 53490 | Vaults:4 | Reached XP level 22. HP: 220/220 MP: 39/39
 53942 | Vaults:4 | Reached skill level 27 in Invocations
 55240 | Vaults:3 | Found Paimahiv's Magic Scroll Shop.
 55250 | Vaults:3 | Bought a scroll of blinking for 165 gold pieces
 55250 | Vaults:3 | Bought a scroll of teleportation for 66 gold pieces
 55250 | Vaults:3 | Bought a scroll of magic mapping for 165 gold pieces
 55634 | Vaults:1 | Found a runed translucent door.
 55634 | Vaults:1 | Noticed Zonian's ghost (adept HOFi)
 55811 | Vaults:1 | You fall into a shaft and drop 1 floor!
 56096 | Vaults:1 | Found Jofiag's Book Boutique.
 56107 | Vaults:1 | Bought a manual of Armour for 1280 gold pieces
 56672 | Vaults:1 | Killed Zonian's ghost
 58545 | Spider:4 | Entered Level 4 of the Spider Nest
 58612 | Spider:4 | Reached XP level 23. HP: 237/237 MP: 34/40
 58616 | Spider:4 | Noticed Arachne
 58643 | Spider:4 | Killed Arachne
 59276 | Spider:4 | Identified Roxanne's Reference Book on Geomancy
 59276 | Spider:4 | Noticed Roxanne
 59326 | Spider:4 | Killed Roxanne
 59387 | Spider:4 | Reached skill level 27 in Fighting
 59640 | Spider:4 | Got a gossamer rune of Zot
 60580 | Elf:3    | Identified the amulet of Toebogo {Reflect rC+ Int-4 Dex+2
                  | SH+5}
 60588 | Elf:3    | Identified the amulet "Syprum" {Regen+ Str-4 Int+3}
 60596 | Abyss:3  | Cast into level 3 of the Abyss (a deep elf sorcerer)
 60783 | Abyss:3  | Gained mutation: You are frail. (-10% HP) [a neqoxec]
 61070 | Abyss:3  | Noticed an ancient lich
 61078 | Abyss:3  | Killed an ancient lich
 61079 | Abyss:3  | Reached skill level 5 in Spellcasting
 61096 | Elf:3    | Escaped the Abyss
 61226 | Abyss:3  | Cast into level 3 of the Abyss (a deep elf sorcerer)
 61245 | Abyss:3  | Found a corrupted altar of Lugonu.
 61413 | Abyss:3  | Found a corrupted altar of Lugonu.
 61414 | Abyss:3  | Found a shimmering blue altar of Sif Muna.
 61424 | Abyss:3  | Found a corrupted altar of Lugonu.
 61435 | Abyss:3  | Found a corrupted altar of Lugonu.
 61435 | Abyss:3  | Found a corrupted altar of Lugonu.
 61436 | Abyss:3  | Found a corrupted altar of Lugonu.
 61467 | Abyss:3  | Found a shimmering blue altar of Sif Muna.
 61549 | Abyss:3  | Paralysed by accursed screaming for 1 turns
 61666 | Abyss:3  | Reached XP level 24. HP: 224/224 MP: 40/40
 61723 | Elf:3    | Escaped the Abyss
 61757 | Elf:3    | Noticed Bai Suzhen
 61780 | Elf:3    | Killed Bai Suzhen
 62107 | Elf:3    | Identified the amulet of Unlauppu {Faith Int+4}
 62118 | Elf:3    | Identified the ring of Ceqomug {rC+ Dex+5 SInv}
 62161 | Elf:3    | Got the Incunabulum of the Warped Union
 62244 | Elf:3    | Got Tiywkos's Omnibus of Hyperborean Lava
 62265 | Elf:3    | Identified the staff of death "Efaitti" {rN+ Str+6 Int+3
                  | Dex+4}
 62273 | Elf:3    | Identified the +1 war axe "Grim Tooth" {drain, rC+}
 62276 | Elf:3    | Got the Directory of Sculpting
 62602 | Depths:1 | Entered Level 1 of the Depths
 62777 | Depths:1 | Found a gateway to Hell.
 63155 | Depths:1 | Found a sparkling altar of Nemelex Xobeh.
 63330 | Depths:1 | Found a one-way gate leading to the halls of Pandemonium.
 63742 | Depths:2 | Identified the +1 long sword of the Gibberer {flame,
                  | Fragile Will+ Int+5}
 63747 | Depths:2 | Paralysed by a floating eye for 4 turns
 63915 | Depths:2 | Noticed a juggernaut
 63930 | Depths:2 | Noticed a caustic shrike
 63936 | Depths:2 | Killed a juggernaut
 63945 | Depths:2 | Killed a caustic shrike
 63954 | Depths:2 | Noticed a caustic shrike
 63963 | Depths:2 | Killed a caustic shrike
 64061 | Depths:2 | Identified the staff of air "Riaxoofy" {rElec Will++ Str-4
                  | Int-4 Dex+9}
 64064 | Depths:2 | Identified the staff of earth "Nifide" {rN+ Dex-2 SInv}
 64825 | Depths:2 | Gained mutation: You occasionally lose the ability to read
                  | scrolls when taking damage. [a neqoxec]
 64880 | Depths:2 | Lost mutation: You are partially covered in iridescent
                  | scales. (AC +2) [potion of mutation]
 64880 | Depths:2 | Lost mutation: You passively map a small area around you.
                  | [potion of mutation]
 64880 | Depths:2 | Lost mutation: You are frail. (-10% HP) [potion of
                  | mutation]
 64880 | Depths:2 | Gained mutation: Your system is resistant to poisons.
                  | (rPois) [potion of mutation]
 64880 | Depths:2 | Gained mutation: You are robust. (+10% HP) [potion of
                  | mutation]
 65277 | Depths:3 | Found a sacrificial altar of Ru.
 65284 | Depths:3 | Reached XP level 25. HP: 272/282 MP: 34/40
 65496 | Depths:3 | Reached skill level 10 in Spellcasting
 65514 | Depths:3 | Found a sparkling altar of Nemelex Xobeh.
 65636 | Depths:3 | Found an ornate altar of the Wu Jian Council.
 65801 | Depths:3 | Found an opulent altar of Gozag.
 65803 | Depths:3 | Found a one-way gate to the infinite horrors of the Abyss.
 66166 | Depths:3 | Identified the +2 pair of gloves of the Arcane {rElec}
 66216 | Depths:3 | Identified the +4 ring mail "Mionnot" {Fly rElec}
 66633 | Depths:4 | Entered Level 4 of the Depths
 67008 | Depths:4 | Found a one-way gateway to a ziggurat.
 67636 | Depths:4 | Reached XP level 26. HP: 258/292 MP: 30/40
 67832 | Depths:4 | Found a gate to the Realm of Zot.
 68200 | Depths:3 | Voluntarily entered the Abyss.
 68242 | Abyss:3  | Found a corrupted altar of Lugonu.
 68247 | Abyss:3  | Found a corrupted altar of Lugonu.
 68405 | Abyss:4  | Paralysed by accursed screaming for 1 turns
 68629 | Abyss:4  | Paralysed by accursed screaming for 1 turns
 68632 | Abyss:4  | Got an abyssal rune of Zot
 68654 | Depths:3 | Escaped the Abyss
 69079 | Orc:2    | Bought a runed helmet for 180 gold pieces
 69634 | D:13     | Killed Iwkinivi's ghost
 69955 | Vaults:5 | Entered Level 5 of the Vaults
 69966 | Vaults:5 | Noticed an ancient lich
 69981 | Vaults:5 | Reached skill level 27 in Armour
 69983 | Vaults:5 | Killed an ancient lich
 70034 | Vaults:5 | Noticed a dread lich
 70045 | Vaults:5 | Killed a dread lich
 70224 | Vaults:5 | Noticed an ancient lich
 70227 | Vaults:5 | Killed an ancient lich
 70416 | Vaults:5 | Reached XP level 27. HP: 293/297 MP: 40/40
 70430 | Vaults:5 | Found the +0 mask of the Dragon {Will+ Slay+3 SInv}
 70471 | Vaults:5 | Identified the +11 flail of Midnight {pain, rF+}
 70475 | Vaults:5 | Got a silver rune of Zot
 70524 | Vaults:5 | Noticed an ancient lich
 70530 | Vaults:5 | Killed an ancient lich
 70638 | Vaults:5 | Noticed an ancient lich
 70644 | Vaults:5 | Identified the +6 trident "Rupreom" {distort, Int+2}
 70648 | Vaults:5 | Killed an ancient lich
 70713 | Vaults:5 | Identified the +6 quarterstaff of the Kissing Pariah {elec,
                  | *Noise Str+3 Int+3 Dex+3}
 70754 | Vaults:5 | Got Potar's Quarto of Coruscating Fever
 71001 | Vaults:5 | Identified the +9 short sword of the Shallot {flame, *Slow
                  | +Blink rPois Dex+3}
 71192 | Vaults:5 | Identified the +4 short sword of Ceisimi {elec, rF+ rCorr
                  | Str+5 Dex-4}
 71557 | Vaults:5 | Noticed an ancient lich
 71563 | Vaults:5 | Killed an ancient lich
 72154 | Slime:1  | Entered Level 1 of the Pits of Slime
 72187 | Slime:1  | Reached skill level 15 in Spellcasting
 72278 | Slime:4  | Gained mutation: You sometimes lose the ability to read
                  | scrolls when taking damage. [a shining eye]
 72284 | Slime:4  | Gained mutation: Your magical capacity is low. (-10% MP) [a
                  | shining eye]
 72297 | Slime:5  | Entered Level 5 of the Pits of Slime
 72299 | Slime:5  | Gained mutation: You are vulnerable to heat. (rF-) [a
                  | shining eye]
 72500 | Slime:5  | Noticed the Royal Jelly
 72603 | Slime:4  | Lost mutation: You are vulnerable to heat. (rF-) [potion of
                  | mutation]
 72603 | Slime:4  | Lost mutation: You passively dampen the noise of your
                  | surroundings. [potion of mutation]
 72604 | Slime:4  | Lost mutation: Your system is resistant to poisons. (rPois)
                  | [potion of mutation]
 72604 | Slime:4  | Lost mutation: You sometimes lose the ability to read
                  | scrolls when taking damage. [potion of mutation]
 72604 | Slime:4  | Lost mutation: You are robust. (+10% HP) [potion of
                  | mutation]
 72604 | Slime:4  | Gained mutation: You are partially covered in iridescent
                  | scales. (AC +2) [potion of mutation]
 72604 | Slime:4  | Gained mutation: You sometimes lose the ability to read
                  | scrolls when taking damage. [potion of mutation]
 72604 | Slime:4  | Gained mutation: You are mostly covered in iridescent
                  | scales. (AC +4) [potion of mutation]
 72605 | Slime:4  | Lost mutation: You are mostly covered in iridescent scales.
                  | (AC +4) [potion of mutation]
 72605 | Slime:4  | Lost mutation: You are partially covered in iridescent
                  | scales. (AC +2) [potion of mutation]
 72605 | Slime:4  | Gained mutation: You are vulnerable to heat. (rF-) [potion
                  | of mutation]
 72605 | Slime:4  | Gained mutation: You expend magic power (3 MP) to
                  | strengthen your wands. [potion of mutation]
 72606 | Slime:4  | Lost mutation: You sometimes lose the ability to read
                  | scrolls when taking damage. [potion of mutation]
 72606 | Slime:4  | Lost mutation: You expend magic power (3 MP) to strengthen
                  | your wands. [potion of mutation]
 72606 | Slime:4  | Gained mutation: Your mind is acute. (Int +4, Str/Dex -1)
                  | [potion of mutation]
 72629 | Slime:4  | Lost mutation: Your magical capacity is low. (-10% MP)
                  | [potion of mutation]
 72629 | Slime:4  | Lost mutation: You occasionally lose the ability to read
                  | scrolls when taking damage. [potion of mutation]
 72629 | Slime:4  | Lost mutation: You are vulnerable to heat. (rF-) [potion of
                  | mutation]
 72629 | Slime:4  | Gained mutation: Armour fits poorly on your strangely
                  | shaped body. [potion of mutation]
 72649 | Slime:4  | Lost mutation: Your mind is acute. (Int +4, Str/Dex -1)
                  | [potion of mutation]
 72649 | Slime:4  | Lost mutation: Armour fits poorly on your strangely shaped
                  | body. [potion of mutation]
 72649 | Slime:4  | Gained mutation: You occasionally lose the ability to drink
                  | potions when taking damage. [potion of mutation]
 72649 | Slime:4  | Gained mutation: Your system is resistant to poisons.
                  | (rPois) [potion of mutation]
 72786 | Slime:5  | Found a viscous altar of Jiyva.
 72805 | Slime:5  | Killed the Royal Jelly
 72830 | Slime:5  | Gained mutation: Armour fits poorly on your strangely
                  | shaped body. [a shining eye]
 73017 | Slime:5  | Identified the +0 leather armour of Serendipity {Dex+4}
 73044 | Slime:5  | Got a slimy rune of Zot
 73046 | Slime:5  | Identified the +1 plate armour "Wiypoxurr" {+Inv Will-
                  | Int+9 Dex-5}
 73062 | Slime:5  | Identified the ring of Disaster {rF+ rN+ Will- Str+2 Dex+2}
 73067 | Slime:5  | Identified the staff of fire "Ebloqaoxku" {Contam rF+ Int+4
                  | Dex+2}
 73074 | Slime:5  | Acquired a manual of Dodging
 73078 | Slime:5  | Identified the +9 flail "Mothreurr" {freeze, rN+++ Will++
                  | Dex-4}
 73107 | Slime:5  | Identified the ring "Ladd" {Fire Str+2}
 73936 | Zot:1    | Entered Level 1 of the Realm of Zot
 74117 | Zot:1    | Identified the +0 leather armour of Tefead Hesi {*Corrode
                  | Fly Regen+ Int+4}
 74125 | Zot:1    | Noticed Grunn
 74137 | Zot:1    | Killed Grunn
 74138 | Zot:1    | Reached skill level 15 in Dodging
 76545 | Zot:3    | Noticed an orb of fire
 76559 | Zot:3    | Gained mutation: Your mind is acute. (Int +4, Str/Dex -1)
                  | [an orb of fire]
 76563 | Zot:3    | Gained mutation: You are clumsy. (Dex -2) [an orb of fire]
 76568 | Zot:3    | Killed an orb of fire
 77372 | Zot:3    | Noticed an orb of fire
 77374 | Zot:3    | Gained mutation: You occasionally lose the ability to read
                  | scrolls when taking damage. [an orb of fire]
 77789 | Elf:3    | Bought a potion of mutation for 104 gold pieces
 77789 | Elf:3    | Lost mutation: Armour fits poorly on your strangely shaped
                  | body. [potion of mutation]
 77789 | Elf:3    | Lost mutation: You occasionally lose the ability to read
                  | scrolls when taking damage. [potion of mutation]
 77789 | Elf:3    | Lost mutation: Your mind is acute. (Int +4, Str/Dex -1)
                  | [potion of mutation]
 77789 | Elf:3    | Lost mutation: Your system is resistant to poisons. (rPois)
                  | [potion of mutation]
 77790 | Elf:3    | Acquired the ring of the Evening {Will+ Int+6 Slay+3}
 78043 | Pan      | Entered the realm of Lom Lobon.
 78043 | Pan      | Entered Pandemonium
 78379 | Pan      | Found an exit through the horrors of the Abyss.
 78603 | Pan      | Noticed Lom Lobon
 78630 | Pan      | Killed Lom Lobon
 78683 | Pan      | Got a magical rune of Zot
 78920 | Pan      | Noticed Cas Weul the pandemonium lord
 78936 | Pan      | Killed Cas Weul the pandemonium lord
 78998 | Pan      | Got a demonic rune of Zot
 79160 | Pan      | Found an exit through the horrors of the Abyss.
 79303 | Pan      | Entered the realm of Cerebov.
 79913 | Pan      | Learned a level 4 spell: Manifold Assault
 79926 | Pan      | Reached skill level 1 in Translocations
 79945 | Pan      | Identified the ring of Giutil {Fly rPois rF+ rC+ Dex+2}
 79979 | Pan      | Got Keetaror's Omnibus of Gusts
 79980 | Pan      | Identified the ring "Dole" {*Slow rPois rF++ rC+ Int+6}
 79987 | Pan      | Identified the +1 mace of Viavo {flame, *Corrode rC++
                  | Dex+3}
 80215 | Pan      | Identified the +6 glaive of the Equator {vamp, rPois Str+7
                  | Int-4}
 80215 | Pan      | Identified the ring of Kothru {Ice rCorr Dex+4}
 80232 | Pan      | Found the +6 sword of Cerebov {flame}
 80232 | Pan      | Noticed Cerebov
 80526 | Pan      | Gained mutation: Your spells are a little easier to cast,
                  | but a little less powerful. [a cacodemon]
 80577 | Pan      | Noticed Beylal the pandemonium lord
 80587 | Pan      | Gained mutation: You are vulnerable to heat. (rF-) [a
                  | shining eye]
 80593 | Pan      | Killed Beylal the pandemonium lord
 80697 | Pan      | Reached skill level 5 in Translocations
 81069 | Pan      | Found an exit through the horrors of the Abyss.
 81243 | Pan      | Gained mutation: You are weak. (Str -2) [a neqoxec]
 81574 | Pan      | Noticed Seeb the pandemonium lord
 81581 | Pan      | Killed Seeb the pandemonium lord
 81593 | Pan      | Identified the +1 robe "Buhugitut" {+Blink}
 81748 | Pan      | Reached skill level 1 in Throwing
 81876 | Pan      | Identified the ring of Yredelemnul, Leaping {EV+5 Int+5}
 82375 | Pan      | Entered the realm of Gloorx Vloq.
 82581 | Pan      | Found an exit through the horrors of the Abyss.
 82626 | Pan      | Reached skill level 5 in Throwing
 82876 | Pan      | Noticed Gloorx Vloq
 82888 | Pan      | Killed Gloorx Vloq
 83043 | Pan      | Got a dark rune of Zot
 83774 | Pan      | Reached skill level 10 in Throwing
 84000 | Pan      | Found an exit through the horrors of the Abyss.
 84164 | Pan      | Gained mutation: You are very clumsy. (Dex -4) [a neqoxec]
 84359 | Pan      | Took an exit into the Abyss.
 84359 | Abyss:4  | Escaped into the Abyss
 84363 | Depths:1 | Escaped the Abyss
 84427 | Zig:1    | Entered Level 1 of a ziggurat
 84454 | Zig:2    | Entered Level 2 of a ziggurat
 84461 | Zig:2    | Reached skill level 10 in Translocations
 84505 | Zig:3    | Entered Level 3 of a ziggurat
 84541 | Zig:3    | Paralysed by accursed screaming for 1 turns
 84565 | Zig:4    | Entered Level 4 of a ziggurat
 84594 | Zig:4    | Identified the staff of cold "Otwibb" {+Blink rF+ rC+ Will-
                  | Int+3}
 84601 | Zig:4    | Identified the +7 spear "Raived" {freeze, +Blink Dex+3}
 84609 | Zig:5    | Entered Level 5 of a ziggurat
 84614 | Zig:5    | Noticed Feeqech the pandemonium lord
 84618 | Abyss:5  | Cast into level 5 of the Abyss (Feeqech)
 84738 | Abyss:5  | Noticed a dread lich
 84744 | Abyss:5  | Killed a dread lich
 84820 | Abyss:5  | Found a candlelit altar of Ignis.
 84827 | Zig:5    | Escaped the Abyss
 84842 | Zig:5    | Identified the staff of air "Suwedd" {rElec rPois rC+
                  | Stlth+}
 84875 | Depths:4 | Killed Feeqech the pandemonium lord
 84879 | Depths:4 | Lost mutation: You are weak. (Str -2) [potion of mutation]
 84879 | Depths:4 | Lost mutation: You are vulnerable to heat. (rF-) [potion of
                  | mutation]
 84879 | Depths:4 | Lost mutation: Your spells are a little easier to cast, but
                  | a little less powerful. [potion of mutation]
 84879 | Depths:4 | Gained mutation: You are partially covered in iridescent
                  | scales. (AC +2) [potion of mutation]
 85814 | Zot:4    | Lost mutation: You are very clumsy. (Dex -4) [potion of
                  | mutation]
 85814 | Zot:4    | Lost mutation: You are partially covered in iridescent
                  | scales. (AC +2) [potion of mutation]
 85814 | Zot:4    | Gained mutation: Your body sometimes deteriorates upon
                  | taking damage. [potion of mutation]
 85814 | Zot:4    | Gained mutation: You do not regenerate when monsters are
                  | visible. [potion of mutation]
 85814 | Zot:4    | Gained mutation: You sometimes lose your temper in combat.
                  | [potion of mutation]
 85814 | Zot:4    | Gained mutation: Your mind is acute. (Int +4, Str/Dex -1)
                  | [potion of mutation]
 86386 | Zot:4    | Identified the +0 scale mail of the Louse {Harm rF+ rN+
                  | Str-4}
 86548 | Zot:5    | Entered Level 5 of the Realm of Zot
 86975 | Zot:5    | Lost mutation: You do not regenerate when monsters are
                  | visible. [potion of mutation]
 86975 | Zot:5    | Lost mutation: You sometimes lose your temper in combat.
                  | [potion of mutation]
 86975 | Zot:5    | Lost mutation: You occasionally lose the ability to drink
                  | potions when taking damage. [potion of mutation]
 86975 | Zot:5    | Gained mutation: You have a pair of small antennae on your
                  | head. [potion of mutation]
 86975 | Zot:5    | Gained mutation: You have sharp toenails. [potion of
                  | mutation]
 87360 | Zot:5    | Noticed a dread lich
 87506 | Zot:5    | Killed a dread lich
 87776 | Zot:5    | Noticed an orb of fire
 87799 | Zot:5    | Killed an orb of fire
 88204 | Zot:5    | Reached skill level 15 in Throwing
 88214 | Zot:5    | Got the Orb of Zot
 88237 | Zot:5    | Noticed Zistray the pandemonium lord
 88247 | Zot:5    | Killed Zistray the pandemonium lord
 88633 | Depths:2 | Noticed Wipseeli the pandemonium lord
 88751 | D:15     | Noticed a seraph
 89075 | D:$      | Escaped with the Orb!

Illustrated notes

Levels and vault maps discovered:
D:1:      lemuel_arrival_room, layout_rooms
D:2:      layout_rooms, basic_altar, uniq_natasha
D:3:      layout_loops_ring, mainiacjoe_overflow_alcove_2
D:4:      layout_rooms, demons_altar, kennysheep_slug_shrine, elyvilon_altar_4,
          minmay_temple_entry_mini_moons, uniq_crazy_yiuf_cottage, uniq_grinder,
          uniq_duvessa
D:5:      layout_rooms, uniq_prince_ribbit1, uniq_pikel
D:6:      layout_cave_pools, mainiacjoe_overflow_alcove_1, uniq_blork_the_orc
D:7:      layout_loops_corners, mainiacjoe_overflow_cross_hatched
D:8:      layout_basic, kennysheep_mini_moat, serial_glass, glass_columns_c,
          glass_columns_a
D:9:      layout_basic, nicolae_vehumet_altar_sigil,
          nicolae_overflow_hallway_of_the_gods, kennysheep_cross_room
D:10:     layout_loops_ring, due_lair_maze_entry_diamond, minivault_21
D:11:     layout_loops_corners, kennysheep_generic_room_2
D:12:     minmay_outward_triangles, layout_cave_pools, orc_0_dummy,
          serial_bayou, serial_bayou_pond_d, serial_bayou_shore_a,
          serial_bayou_pond_b, serial_bayou_pond_b
D:13:     layout_loops_cross, serial_shops, shop, nzn_ghost_randoct
D:14:     kennysheep_big_flooded_room, layout_loops_ring, erik_vaults_2,
          nicolae_tso_swordbearing_angel
D:15:     grunt_enter_depths_hoard, layout_loops_ring, serial_glass,
          glass_columns_b, glass_columns_b, minmay_strange_pillars,
          minmay_strange_pillars, feat_on_display, moated_statue
Temple:   nicolae_temple_ecumenical_triangle
Lair:1:   hellmonk_ruined_rings, layout_regular_city, gammafunk_ghost_cemetery,
          serial_bayou_pond_b, nicolae_quartered_pool_super
Lair:2:   layout_big_grid, grunt_megastairs_2
Lair:3:   layout_roguey, nicolae_shoals_entry_roost,
          nicolae_spider_entry_orb_guardian, portal_ice_cave_entry_pillars_1,
          infiniplex_staircase_pool, uniq_amaemon
Lair:4:   gammafunk_lair_enchanted_lake, layout_small_grid,
          minmay_slime_entry_oklob_enclosed, forest_entry_grove,
          grunt_megastairs_1, lemuel_fruit_tree
Lair:5:   hangedman_lair_caniforms_friends, layout_layer_cave,
          hangedman_lair_tendril_chambers
Shoals:1: dreamdust_from_the_deep, layout_shoals, nicolae_shoals_so_close,
          uniq_kirke
Shoals:2: layout_shoals
Shoals:3: layout_shoals, serial_shops, shop, nicolae_shop_vocational
Shoals:4: shoals_end_simple, layout_shoals
Spider:1: layout_spider_delve, gammafunk_ghost_mausoleum, uniq_agnes
Spider:2: layout_spider_delve, hangedman_spider_mandibles
Spider:3: layout_chambers, nicolae_spider_checkerboard
Spider:4: guppyfry_spider_rune, uniq_arachne, uniq_roxanne
Slime:1:  layout_caves
Slime:2:  layout_caves
Slime:3:  cheibrodos_slime_lost_civilization_1, layout_caves, basic_altar,
          uniq_dissolution
Slime:4:  layout_caves
Slime:5
Orc:1:    layout_caves, basic_altar, gammafunk_ghost_stat_death,
          david_defended_altar_orc, uniq_nergalle, uniq_fannar
Orc:2:    st_orc_rangers, layout_caves, serial_shops, shop,
          nicolae_orc_damp_corner
Elf:1:    eino_elf_arrival_shootout, layout_loops_corners, serial_shops, shop,
          minmay_elf_sorcery
Elf:2:    nicolae_elf_blades_crystal_corner, layout_onion_city, drop_trap
Elf:3:    minmay_elf_hall_hex, layout_geoelf_castle, serial_shops, shop,
          uniq_bai_suzhen
Vaults:1: hellmonk_ghost_happy_afterlife, ontoclasm_vaults_spin,
          nicolae_vaults_double_plus_1, grunt_vaults_twisty,
          nicolae_vaults_diamond_2, nicolae_vaults_six-pack,
          hangedman_vaults_trim, nicolae_vaults_trapezoid_lopsided_1,
          ontoclasm_vaults_fault, layout_vaults_omnigrid, serial_shops,
          shop_fountains
Vaults:2: hangedman_vaults_stitches, blue_anna_dwarven_crypt,
          hangedman_vaults_corner_blocks, v_misc_25, nicolae_vaults_six-pack,
          ontoclasm_vaults_decontamination, vaults_room_fours,
          hangedman_vaults_corner, vaults_room_glass_cross, v_misc_30,
          vaults_room_boxed, ontoclasm_vaults_ring_large, v_misc_23,
          nicolae_vaults_diagonal_hallway_7, layout_vaults_omnibox,
          serial_shops, shop_statue
Vaults:3: hangedman_vaults_restitches, grunt_vaults_trifunnel,
          nicolae_vaults_trapezoid_4, nicolae_vaults_tetromino_T_1,
          nicolae_vaults_shelves_hall, hangedman_vaults_snaps, v_misc_19,
          grunt_vaults_diagonal, hangedman_vaults_pinch, v_misc_22,
          nicolae_vaults_library_corner, nicolae_vaults_tetromino_L_2,
          nicolae_vaults_sealed_display, dpeg_vaults_monster_box,
          layout_vaults_omnicross, serial_shops, shop
Vaults:4: nicolae_vaults_ninety_degrees, v_pattern_5, nicolae_vaults_two_Ls,
          nicolae_vaults_tetromino_L_1, vaults_mumra_lcd,
          nicolae_vaults_network_square, vaults_room_hallway,
          nicolae_vaults_ring_of_whatevers, nicolae_vaults_six-pack,
          vaults_room_door_hall, st_lattice, v_alt_pattern_1, serial_ice_b,
          hangedman_vaults_stream, ontoclasm_vaults_ring_small,
          vaults_room_semicircle, layout_vaults_maze, serial_shops,
          bzr_entry_safe
Vaults:5: serial_shops
Crypt:1:  layout_chaotic_city, gammafunk_ghost_arena, beargit_elvish_explorers,
          uniq_frederick, uniq_khufu
Crypt:2:  layout_misc_corridors, minmay_misc_feat_pillars,
          nicolae_crypt_knee_deep_in_the_dead, uniq_vv
Crypt:3:  church_of_pain_bobbens, layout_chaotic_city,
          tomb_entry_forgotten_bobbens, uniq_josephina
Depths:1: layout_small_grid, pan_entry, hell_entry, minmay_stone_trees_large,
          minivault_14, nemelex_diamond_rough_becter
Depths:2: minmay_the_grid_octo_tiled_octocenter [minmay_the_grid_octo_odd_swirl,
          minmay_the_grid_octo_fat_diamond, minmay_the_grid_octo_teeth,
          minmay_the_grid_octo_tetromino_candy,
          minmay_the_grid_octo_prize_ultimate_mussel_roller,
          minmay_the_grid_square_5x5_longway,
          minmay_the_grid_square_5x5_bracketed,
          minmay_the_grid_square_5x5_detours, minmay_the_grid_square_5x5_bite],
          layout_gridlike, pf_hell_entry_tar_river, grunt_pan_entry_spiral
Depths:3: grunt_profane_halls [grunt_profane_temple_geh,
          grunt_profane_temple_coc, grunt_profane_temple_dis,
          grunt_profane_temple_tar, grunt_profane_loot], abyss_entry, hell_entry
Depths:4: evilmike_zot_entry_gauntlet, layout_cave_pools, enter_ziggurat_a,
          grunt_mini_vestibule, nrook_uturn
Zot:1:    layout_cathedral_of_symmetry, grunt_ministairs_8, lemuel_golem_globe,
          grunt_megastairs_4, uniq_grunn
Zot:2:    kennysheep_blocky_room, layout_gridlike
Zot:3:    layout_gridlike, skrybe_zot_glass_1
Zot:4:    layout_basic
Zot:5:    layout_cellular_growth

Skill      XL: |  1  2  3  4  5  6  7  8  9 10 11 12 13 14 15 16 17 18 19 20 21 22 23 24 25 26 27 |
---------------+----------------------------------------------------------------------------------+-----
Fighting       | 1 2 3 4 5 6 8 10 11 12 13 14 16 17 18 19 20 21 22 23 26 27 | 27.0
Armour         | 1 2 3 4 5 6 7 8 10 12 13 15 16 21 23 25 27 | 27.0
Dodging        | 2 4 6 8 9 10 12 13 20 | 20.4
Maces & Flails | 1 2 3 4 5 7 9 11 12 13 14 | 14.0
Shields        | 4 7 9 11 13 14 15 | 15.5
Invocations    | 5 8 11 14 16 17 19 20 22 24 26 27 | 27.0
Transmutations | 1 3 |  3.9
Spellcasting   | 3 6 9 12 13 16 | 16.1
Translocations | 13 | 13.9
Throwing       | 15 | 15.6
Stealth        | |  1.5
Conjurations   | |  1.0
Summonings     | |  1.0

Action                     |  1- 3 |  4- 6 |  7- 9 | 10-12 | 13-15 | 16-18 | 19-21 | 22-24 | 25-27 || total
---------------------------+-------+-------+-------+-------+-------+-------+-------+-------+-------++-------
  Melee: Dagger            |    43 |       |       |       |       |       |       |       |       ||    43
         Flail             |    79 |   114 |   240 |   523 |   202 |  1119 |   977 |       |       ||  3254
         Unarmed           |       |    11 |       |       |       |       |       |       |       ||    11
         Punch             |       |     1 |     3 |       |       |       |       |       |       ||     4
         Morningstar       |       |       |       |       |  1258 |   781 |       |       |       ||  2039
         Sacred scourge    |       |       |       |       |       |       |   872 |  1949 |  3816 ||  6637
  Throw: Throwing net      |       |       |       |       |       |       |       |       |     3 ||     3
   Cast: Magic Dart        |    13 |       |       |       |       |       |       |       |       ||    13
         Passwall          |       |       |       |       |     1 |     1 |       |       |       ||     2
         Manifold Assault  |       |       |       |       |       |       |       |       |     2 ||     2
 Invoke: Divine Shield     |       |       |       |     5 |     9 |     6 |     2 |     7 |    10 ||    39
         Cleansing Flame   |       |       |       |       |     6 |    60 |    70 |    77 |   195 ||   408
         Summon Divine War |       |       |       |       |       |       |     1 |       |     7 ||     8
         Brand Weapon With |       |       |       |       |       |       |     1 |       |       ||     1
  Evoke: Wand              |       |     2 |    11 |    21 |    21 |     4 |       |       |     3 ||    62
         Condenser vane    |       |       |       |       |     1 |     1 |       |       |       ||     2
         Phantom mirror    |       |       |       |       |       |     1 |       |       |       ||     1
    Use: Scroll            |     7 |     8 |     7 |     7 |    16 |    13 |    11 |     3 |    26 ||    98
         Potion            |       |     3 |     5 |     5 |    11 |    14 |    15 |     5 |    33 ||    91
   Stab: Invisible         |       |     6 |       |     3 |       |       |       |       |       ||     9
         Paralysed         |       |       |       |     4 |       |       |       |       |       ||     4
 Armour: Robe              |    11 |       |       |       |       |       |       |       |       ||    11
         Scale mail        |    58 |   109 |   270 |   223 |   433 |   740 |   626 |       |       ||  2459
         Skin              |       |     1 |       |       |     1 |    12 |       |       |       ||    14
         Plate armour      |       |       |       |       |       |       |    45 |   797 |  1433 ||  2275
         Gold dragon scale |       |       |       |       |       |       |       |       |    72 ||    72
  Dodge: Dodged            |   102 |   112 |   226 |   190 |   532 |  1116 |   498 |   467 |   930 ||  4173
         Repelled          |       |       |       |       |       |       |       |       |    48 ||    48
  Block: Kite shield       |       |       |       |   289 |  1037 |  1851 |  1182 |  1285 |  2490 ||  8134
         Reflection        |       |       |       |       |       |       |       |       |    17 ||    17
